 Dungeon Crawl Stone Soup version 0.29.0-4-gdea44cf6ec (webtiles) character file.

Game seed: 13888831494182846606

3034 qw the Grappler (level 9, -15/74 HPs)
             Began as a Ghoul Fire Elementalist on Aug 29, 2022.
             Was a Believer of Okawaru.
             Demolished by Erolcha
             ... wielding a +0 spectral giant spiked club
              (24 damage)
             ... on level 9 of the Dungeon.
             The game lasted 00:05:10 (7886 turns).

qw the Grappler (Ghoul Fire Elementalist)           Turns: 7886, Time: 00:05:10

Health: -15/74     AC: 12    Str: 22    XL:     9   Next: 86%
Magic:  11/11      EV:  8    Int:  8    God:    Okawaru [**....]
Gold:   1491       SH: 10    Dex:  9    Spells: 10/11 levels left

rFire   + . .      SeeInvis .     - Unarmed
rCold   + . .      Faith    .   q - +0 kite shield
rNeg    + + +      Spirit   .   k - +0 chain mail
rPois   inf        Reflect  .   e - +1 hat of Jaufomugg {rPois Str+6 Int-2 Slay+4}
rElec   .          Harm     .   (no cloak)
rCorr   .          Rampage  .   p - +0 pair of gloves
Will    +....                   (no boots)
Stlth   ..........              (no amulet)
HPRegen 0.00/turn               f - ring of protection from fire
MPRegen 0.12/turn               b - ring of willpower

@: about to teleport, heroic, inhibited regen
A: claws 1, cold resistance 1, negative energy resistance 3, inhibited
regeneration, torment resistance 2, devour on kill
a: Renounce Religion, Heroism


You were on level 9 of the Dungeon.
You worshipped Okawaru.
Okawaru was pleased with you.
You visited 2 branches of the dungeon, and saw 10 of its levels.

You collected 1575 gold pieces.
You spent 84 gold pieces at shops.


Innate Abilities, Weirdness & Mutations

You are immune to poison.
You have sharp fingernails.
Your flesh is cold resistant. (rC+)
You are immune to negative energy. (rN+++)
You do not regenerate when monsters are visible.
You are immune to unholy pain and torment.
You thrive by killing the living.


   Skills:
 + Level 5.2(10.2) Fighting
 - Level 3.1(8.1) Throwing
 - Level 2.2(7.2) Armour
 - Level 1.7(6.7) Dodging
 - Level 2.1(7.1) Stealth
 - Level 5.0(10.0) Shields
 - Level 10.0(15.0) Unarmed Combat
 - Level 1.7 Spellcasting
 - Level 0.7 Conjurations
 - Level 2.4 Fire Magic
 - Level 4.0 Invocations


You had 10 spell levels left.
You knew the following spells:

 Your Spells              Type           Power      Damage    Failure   Level
a - Foxfire               Conj/Fire      12%        2x1d4     97%         1

Your spell library contained the following spells:

 Spells                   Type           Power      Damage    Failure   Level
 Scorch                   Fire           8%         2d5       97%         2
 Conjure Flame            Conj/Fire      3%         6-21      100%        3
 Inner Flame              Hex/Fire       2%         N/A       100%        3
 Flame Wave               Conj/Fire      3%         2d5       100%        4

Inventory:

Missiles
 a - a silver javelin (quivered)
 l - 2 boomerangs
 n - a javelin
Armour
 e - the +1 hat of Jaufomugg (worn) {rPois Str+6 Int-2 Slay+4}
   (You acquired it on level 3 of the Dungeon)

   Str:       It affects your strength (+6).
   Int:       It affects your intelligence (-2).
   Slay:      It affects your accuracy & damage with ranged weapons and melee
   (+4).
   rPois:     It protects you from poison.
 k - a +0 chain mail (worn)
 p - a +0 pair of gloves (worn)
 q - a +0 kite shield (worn)
Jewellery
 b - a ring of willpower (right hand)
 f - a ring of protection from fire (left hand)
Scrolls
 o - a scroll of identify
 r - 2 scrolls of teleportation
Potions
 d - 4 potions of might
 i - a potion of mutation
 j - a potion of haste
 m - 3 potions of curing
 v - a potion of resistance {unknown}

Dungeon Overview and Level Annotations

Branches:
Dungeon (9/15)             Temple (1/1) D:7
   Lair: D:8-11         Orc: D:9-12

Altars:
Ashenzari
Cheibriados
Dithmenos
Fedhas
Gozag
Hepliaklqana
Kikubaaqudgha
Makhleb
Nemelex Xobeh
Okawaru
Qazlal
Ru
Sif Muna
Trog
Vehumet
Wu Jian
Xom
Yredelemnul

Shops:
D:3 *:   D:6 (

Annotations:
D:8 2 transporters
D:9 Erolcha


Message History

The howler monkey hoots and howls with incredible vigour!
You hear two shouts!
You hear a bellow!
You hear a roar!
You hear a bellow!
7878 ||| Stepping ~*~*~tactically~*~*~ (water).
A two-headed ogre and a yak come into view.
The two-headed ogre shouts in stereo!
The yak bellows!
The howler monkey hits you but does no damage.
A yak comes into view.
The howler monkey closely misses you.
You pummel the howler monkey!!
You kill the howler monkey!
Okawaru accepts your kill.
You feel better.
Erolcha the Cunning comes into view.
She is wielding a +0 spectral giant spiked club.
You enter the shallow water.
Moving in this stuff is going to be slow.
Found a scroll labelled DUSTROA BEONE.
A yak comes into view.
The yak closely misses you.
7881 ||| Stepping ~*~*~tactically~*~*~ (water).
The yak gores you. Erolcha gestures at you while chanting.
You resist with almost no effort. The yak barely misses you.
You block the yak's attack. You block the two-headed ogre's attack.
The two-headed ogre hits you with a +0 giant spiked club!!
7882 ||| Stepping ~*~*~tactically~*~*~ (outnumbered).
7883 ||| Stepping ~*~*~tactically~*~*~ (outnumbered).
The yak attacks as you move away! The yak gores you!
7884 ||| READING 3 scrolls of teleportation.
As you read the scroll of teleportation, it crumbles to dust.
You feel strangely unstable. The yak gores you!
7885 ||| DRINKING potion of heal wounds.
You feel much better. The two-headed ogre misses you.
The two-headed ogre hits you with a +0 giant spiked club.
The yak gores you.
7886 ||| Stepping ~*~*~tactically~*~*~ (outnumbered).
The yak attacks as you move away! The yak gores you!
Erolcha hits you with a +0 spectral giant spiked club!!
You die...

.~.........#
...........#
...........#
...........#
...........#
.......~.Y.#
##...~YOY.#
#...~..Y$#
#.~~~~O@.#
#...~~~..#
#........###
+..........#
#........#.#
?.........#.#
#..........<#
###########.#
........#


You could see a two-headed ogre, Erolcha and 4 yaks.

Vanquished Creatures
  A kobold demonologist (D:8)
  3 wyverns
  A black bear (D:8)
  2 ice beasts
  An orc warrior (D:8)
  A sky beast (D:7)
  2 ogres
  2 phantoms (D:5)
  A kobold brigand (D:8)
  2 bullfrogs (D:7)
  2 scorpions
  3 necrophages
  3 wights (D:7)
  6 killer bees (D:8)
  4 howler monkeys
  An electric eel (D:9)
  2 hounds
  3 orc priests
  A gnoll bouda (D:8)
  A jelly (D:7)
  3 iguanas (D:6)
  An orc wizard (D:6)
  4 gnolls (D:8)
  5 adders
  An ufetubus (D:4)
  A worm (D:2)
  11 orcs
  5 ball pythons
  3 bats
  2 endoplasms (D:1)
  6 giant cockroaches
  14 goblins
  12 hobgoblins
  3 jackals (D:4)
  30 kobolds
  4 quokkas
  2 frilled lizards
  6 rats
  A spectral kobold (D:7)
156 creatures vanquished.

Vanquished Creatures (others)
  38 plants (D:8)
38 creatures vanquished.

Grand Total: 194 creatures vanquished

Notes
Turn   | Place    | Note
-------+----------+-------------------------------------------
     0 | D:1      | qw the Ghoul Fire Elementalist began the quest for the Orb.
     0 | D:1      | Reached XP level 1. HP: 14/14 MP: 2/2
     0 | D:1      | 0 ||| qw: Version: 0.1-a-90-g952f4b7
     0 | D:1      | 0 ||| qw: Game counter: 3832
     0 | D:1      | 0 ||| qw: Always use a shield: true
     0 | D:1      | 0 ||| qw: God list: Okawaru
     0 | D:1      | 0 ||| qw: Allow faded altars: false
     0 | D:1      | 0 ||| qw: Do Orc after D:15 true
     0 | D:1      | 0 ||| qw: Do second Lair branch before Depths: true
     0 | D:1      | 0 ||| qw: Lair rune preference: random
     0 | D:1      | 0 ||| qw: Plans: Normal
     0 | D:1      | 0 ||| PLANNING D:1-11
   186 | D:1      | Reached skill level 1 in Unarmed Combat
   359 | D:1      | Reached XP level 2. HP: 21/22 MP: 3/3
   618 | D:1      | Reached skill level 1 in Fighting
  1034 | D:1      | 1034 ||| DROPPING scarf of harm.
  1035 | D:1      | 1035 ||| UPGRADING to ring of protection from fire.
  1053 | D:1      | 1053 ||| DRINKING 2 viscous black potions.
  1054 | D:1      | 1054 ||| DROPPING potion of magic.
  1113 | D:2      | Found a faded altar of an unknown god.
  1150 | D:2      | 1150 ||| Stepping ~*~*~tactically~*~*~ (stealth).
  1166 | D:2      | 1166 ||| Stepping ~*~*~tactically~*~*~ (stealth).
  1168 | D:2      | 1168 ||| Stepping ~*~*~tactically~*~*~ (stealth).
  1295 | D:2      | Reached skill level 2 in Unarmed Combat
  1295 | D:2      | Reached XP level 3. HP: 23/28 MP: 4/4
  1529 | D:2      | 1529 ||| Stepping ~*~*~tactically~*~*~ (stealth).
  1940 | D:2      | 1940 ||| Stepping ~*~*~tactically~*~*~ (stealth).
  1949 | D:2      | 1949 ||| Stepping ~*~*~tactically~*~*~ (stealth).
  1951 | D:2      | 1951 ||| Stepping ~*~*~tactically~*~*~ (stealth).
  1959 | D:2      | 1959 ||| UPGRADING to +0 ring mail.
  1969 | D:2      | 1969 ||| DROPPING +0 robe.
  1970 | D:2      | 1970 ||| UPGRADING to ring of willpower.
  1971 | D:2      | 1971 ||| READING scroll labelled AFFUACS LAUK.
  1972 | D:2      | 1972 ||| READING 2 scrolls labelled NEECOA AMAI.
  1973 | D:2      | 1973 ||| READING scroll labelled LIUTHOIGRU.
  1974 | D:2      | 1974 ||| READING scroll labelled JUEDGH GAMAU.
  1975 | D:2      | 1975 ||| READING scroll labelled RITRAL ICUXUT.
  1976 | D:2      | 1976 ||| READING scroll labelled GOCKIA ITWU.
  1979 | D:2      | 1979 ||| DRINKING 2 golden potions.
  1980 | D:2      | 1980 ||| DROPPING scroll of blinking.
  2009 | D:3      | 2009 ||| Stepping ~*~*~tactically~*~*~ (stealth).
  2025 | D:3      | Reached skill level 3 in Unarmed Combat
  2182 | D:3      | Found Kolelok's Assorted Antiques.
  2190 | D:3      | 2190 ||| BUYING 2 scrolls labelled DOQICA LIOS (58 gold).
  2190 | D:3      | Bought 2 scrolls labelled DOQICA LIOS for 58 gold pieces
  2190 | D:3      | 2190 ||| SHOPLISTING chain mail (130 gold, have 66).
  2190 | D:3      | 2190 ||| SHOPLISTING copper ring (145 gold, have 66).
  2190 | D:3      | 2190 ||| BUYING fizzy red potion (26 gold).
  2190 | D:3      | Bought a fizzy red potion for 26 gold pieces
  2295 | D:3      | Reached XP level 4. HP: 27/35 MP: 5/5
  2456 | D:3      | 2456 ||| Stepping ~*~*~tactically~*~*~ (stealth).
  2536 | D:3      | Found Wiafil's Vocational Training.
  2549 | D:3      | Reached skill level 4 in Unarmed Combat
  2835 | D:3      | 2835 ||| READING 2 scrolls labelled DOQICA LIOS.
  2835 | D:3      | 2835 ||| ACQUIRING 1195 gold pieces
  2835 | D:3      | Acquired 1195 gold pieces
  2837 | D:3      | 2837 ||| READING scroll of acquirement.
  2837 | D:3      | 2837 ||| ACQUIRING +1 hat of Jaufomugg {rPois Str+6 Int-2
                  | Slay+4}
  2837 | D:3      | Acquired the +1 hat of Jaufomugg {rPois Str+6 Int-2 Slay+4}
  2839 | D:3      | 2839 ||| UPGRADING to +1 hat of Jaufomugg {rPois Str+6
                  | Int-2 Slay+4}.
  2844 | D:3      | 2844 ||| READING scroll labelled EKIN BILIVU JUUG.
  2845 | D:3      | 2845 ||| DRINKING 2 fizzy red potions.
  2846 | D:3      | 2846 ||| DRINKING 3 black potions.
  2847 | D:3      | 2847 ||| DROPPING potion of flight.
  2884 | D:4      | 2884 ||| Stepping randomly (stuck).
  2885 | D:4      | 2885 ||| Stepping randomly (stuck).
  2948 | D:4      | 2948 ||| Stepping ~*~*~tactically~*~*~ (outnumbered).
  2957 | D:4      | 2957 ||| Stepping ~*~*~tactically~*~*~ (outnumbered).
  2962 | D:4      | Reached XP level 5. HP: 19/42 MP: 6/6
  2963 | D:4      | HP: 7/42 [orc/+0 whip (5)]
  3283 | D:4      | Reached skill level 5 in Unarmed Combat
  3405 | D:4      | 3405 ||| Stepping ~*~*~tactically~*~*~ (outnumbered).
  3483 | D:4      | Reached XP level 6. HP: 50/50 MP: 7/7
  3525 | D:4      | Reached skill level 1 in Throwing
  3892 | D:4      | 3892 ||| UPGRADING to +0 scale mail.
  3902 | D:4      | 3902 ||| DROPPING +0 ring mail.
  3903 | D:4      | 3903 ||| UPGRADING to +0 chain mail.
  3913 | D:4      | 3913 ||| DROPPING +0 scale mail.
  3924 | D:5      | Entered Level 5 of the Dungeon
  3997 | D:5      | Reached skill level 1 in Armour
  4038 | D:5      | Reached skill level 6 in Unarmed Combat
  4171 | D:5      | Reached skill level 3 in Fighting
  4171 | D:5      | Reached XP level 7. HP: 56/58 MP: 8/8
  4666 | D:5      | 4666 ||| UPGRADING to +0 kite shield.
  4671 | D:5      | 4671 ||| READING scroll labelled KEOTAE JITYD.
  4672 | D:5      | 4672 ||| READING scroll labelled PISKIY RIEPORRU.
  4673 | D:5      | 4673 ||| READING 2 scrolls labelled HUINKI YNILAI.
  4674 | D:5      | 4674 ||| DRINKING 2 fuming purple potions.
  4675 | D:5      | 4675 ||| READING 2 scrolls of identify.
  4675 | D:5      | 4675 ||| IDENTIFYING metallic yellow potion
  4676 | D:5      | 4676 ||| DROPPING potion of lignification.
  4677 | D:5      | 4677 ||| DROPPING scroll of poison.
  4725 | D:6      | 4725 ||| Stepping ~*~*~tactically~*~*~ (hiding).
  4727 | D:6      | 4727 ||| Stepping ~*~*~tactically~*~*~ (hiding).
  4734 | D:6      | Reached skill level 1 in Shields
  4784 | D:6      | 4784 ||| Stepping ~*~*~tactically~*~*~ (stealth).
  4789 | D:6      | Reached skill level 3 in Shields
  4869 | D:6      | Found Paetuilu's Antique Weapon Boutique.
  4892 | D:6      | Reached skill level 7 in Unarmed Combat
  4892 | D:6      | Reached XP level 8. HP: 55/66 MP: 9/9
  5237 | D:6      | 5237 ||| UPGRADING to +0 pair of gloves.
  5242 | D:6      | 5242 ||| DRINKING 2 fizzy pink potions.
  5333 | D:7      | Found a staircase to the Ecumenical Temple.
  5334 | D:7      | 5334 ||| PLANNING TEMPLE
  5342 | Temple   | Entered the Ecumenical Temple
  5350 | Temple   | Became a worshipper of Warmaster Okawaru
  5701 | Temple   | 5701 ||| PLANNING D:1-11
  5772 | D:7      | 5772 ||| Stepping ~*~*~tactically~*~*~ (stealth).
  5784 | D:7      | Noticed a wyvern
  5791 | D:7      | Killed a wyvern
  5968 | D:7      | Reached skill level 8 in Unarmed Combat
  6113 | D:7      | 6113 ||| Stepping ~*~*~tactically~*~*~ (outnumbered).
  6116 | D:7      | Reached * piety under Okawaru
  6118 | D:7      | 6118 ||| INVOKING Heroism.
  6127 | D:7      | Reached skill level 1 in Invocations
  6199 | D:7      | Found a hazy altar of Hepliaklqana.
  6291 | D:7      | 6291 ||| Stepping ~*~*~tactically~*~*~ (stealth).
  6293 | D:7      | 6293 ||| Stepping ~*~*~tactically~*~*~ (stealth).
  6294 | D:7      | 6294 ||| Stepping ~*~*~tactically~*~*~ (outnumbered).
  6295 | D:7      | 6295 ||| Stepping ~*~*~tactically~*~*~ (outnumbered).
  6302 | D:7      | Reached XP level 9. HP: 72/72 MP: 10/10
  6309 | D:7      | 6309 ||| Stepping ~*~*~tactically~*~*~ (stealth).
  6310 | D:7      | 6310 ||| Stepping ~*~*~tactically~*~*~ (stealth).
  6312 | D:7      | 6312 ||| Stepping ~*~*~tactically~*~*~ (hiding).
  6323 | D:7      | Reached skill level 3 in Invocations
  6334 | D:7      | 6334 ||| DROPPING +2 helmet.
  6335 | D:7      | 6335 ||| DROPPING amulet of faith.
  6336 | D:7      | 6336 ||| DROPPING amulet of guardian spirit.
  6337 | D:7      | 6337 ||| READING 3 scrolls of identify.
  6337 | D:7      | 6337 ||| IDENTIFYING emerald potion
  6338 | D:7      | 6338 ||| READING 2 scrolls of identify.
  6338 | D:7      | 6338 ||| IDENTIFYING bubbling ruby potion
  6339 | D:7      | 6339 ||| DROPPING potion of attraction.
  6340 | D:7      | 6340 ||| DROPPING potion of degeneration.
  6418 | D:8      | 6418 ||| Stepping ~*~*~tactically~*~*~ (stealth).
  6479 | D:8      | 6479 ||| Stepping ~*~*~tactically~*~*~ (stealth).
  6480 | D:8      | 6480 ||| INVOKING Heroism.
  6492 | D:8      | 6492 ||| Stepping ~*~*~tactically~*~*~ (outnumbered).
  6497 | D:8      | 6497 ||| Stepping ~*~*~tactically~*~*~ (outnumbered).
  6540 | D:8      | Reached ** piety under Okawaru
  6541 | D:8      | Reached skill level 9 in Unarmed Combat
  6541 | D:8      | 6541 ||| Stepping ~*~*~tactically~*~*~ (stealth).
  6583 | D:8      | 6583 ||| Stepping ~*~*~tactically~*~*~ (stealth).
  6605 | D:8      | Found a transporter.
  6606 | D:8      | Noticed a troll
  6627 | D:8      | Noticed a skeletal warrior
  6651 | D:8      | Found a snail-covered altar of Cheibriados.
  6651 | D:8      | Noticed a fire dragon
  6656 | D:8      | Found a transporter.
  6728 | D:8      | 6728 ||| Stepping ~*~*~tactically~*~*~ (stealth).
  6731 | D:8      | 6731 ||| Stepping ~*~*~tactically~*~*~ (stealth).
  6733 | D:8      | 6733 ||| INVOKING Heroism.
  6747 | D:8      | 6747 ||| Stepping ~*~*~tactically~*~*~ (stealth).
  6752 | D:8      | 6752 ||| Stepping ~*~*~tactically~*~*~ (stealth).
  6756 | D:8      | 6756 ||| INVOKING Heroism.
  6757 | D:8      | 6757 ||| Stepping ~*~*~tactically~*~*~ (stealth).
  6781 | D:8      | 6781 ||| Stepping ~*~*~tactically~*~*~ (stealth).
  6783 | D:8      | 6783 ||| Stepping ~*~*~tactically~*~*~ (stealth).
  6785 | D:8      | 6785 ||| INVOKING Heroism.
  6854 | D:8      | 6854 ||| Stepping ~*~*~tactically~*~*~ (stealth).
  6856 | D:8      | 6856 ||| Stepping ~*~*~tactically~*~*~ (stealth).
  7049 | D:8      | 7049 ||| INVOKING Heroism.
  7261 | D:8      | Noticed a kobold demonologist
  7270 | D:8      | Killed a kobold demonologist
  7271 | D:8      | Reached skill level 3 in Throwing
  7428 | D:8      | 7428 ||| INVOKING Heroism.
  7569 | D:8      | Found a burning altar of Makhleb.
  7662 | D:8      | 7662 ||| READING scroll labelled GUD QOMUSIS.
  7663 | D:8      | 7663 ||| DRINKING 2 glowing golden potions.
  7664 | D:8      | 7664 ||| READING 2 scrolls of identify.
  7664 | D:8      | 7664 ||| IDENTIFYING murky red potion
  7665 | D:8      | 7665 ||| DROPPING potion of invisibility.
  7666 | D:8      | 7666 ||| DROPPING potion of berserk rage.
  7710 | D:9      | 7710 ||| FLEEEEING.
  7711 | D:9      | 7711 ||| STAIRDANCE
  7766 | D:9      | 7766 ||| FLEEEEING.
  7767 | D:9      | 7767 ||| FLEEEEING.
  7768 | D:9      | 7768 ||| STAIRDANCE
  7870 | D:9      | 7870 ||| INVOKING Heroism.
  7877 | D:9      | Reached skill level 10 in Unarmed Combat
  7878 | D:9      | 7878 ||| Stepping ~*~*~tactically~*~*~ (water).
  7878 | D:9      | Noticed a two-headed ogre
  7879 | D:9      | Noticed Erolcha
  7881 | D:9      | 7881 ||| Stepping ~*~*~tactically~*~*~ (water).
  7882 | D:9      | 7882 ||| Stepping ~*~*~tactically~*~*~ (outnumbered).
  7883 | D:9      | 7883 ||| Stepping ~*~*~tactically~*~*~ (outnumbered).
  7883 | D:9      | HP: 17/74 [yak (11)]
  7884 | D:9      | 7884 ||| READING 3 scrolls of teleportation.
  7884 | D:9      | HP: 8/74 [yak (9)]
  7885 | D:9      | 7885 ||| DRINKING potion of heal wounds.
  7886 | D:9      | 7886 ||| Stepping ~*~*~tactically~*~*~ (outnumbered).
  7886 | D:9      | Demolished by Erolcha

Levels and vault maps discovered:
D:1:      lightli_molten_gateway, layout_basic
D:2:      layout_loops_corners, hellmonk_ecumenical_altar_arch_garden,
          nicolae_figureground_pulse
D:3:      layout_loops_ring, serial_shops, nicolae_shop_trees,
          grunt_ministairs_8, kennysheep_nub, kennysheep_flooded_box,
          nicolae_shop_vocational
D:4:      cheibrodos_greedy_goblins, layout_gridville, minmay_strange_pillars,
          minmay_misc_feat_encased
D:5:      layout_basic
D:6:      layout_cave_pools, serial_shops, nicolae_shop_crystal
D:7:      layout_rooms, nicolae_hepliaklqana_monster_ancestors,
          minmay_temple_entry_ruins
D:8:      kennysheep_kobold_camp, layout_basic, mainiacjoe_overflow_alcove_1,
          makhleb_blood_cavern_becter, gammafunk_temple_overflow_arena
D:9:      layout_basic, mainiacjoe_overflow_paths, uniq_erolcha, uniq_harold
Temple:   compressed_dpeg_triangle_lava_temple

Skill      XL: |  1  2  3  4  5  6  7  8  9 |
---------------+----------------------------+-----
Unarmed Combat | 1 2 3 4 5 6 7 8 10 | 10.0
Fighting       | 1 2 3 4 5 |  5.2
Throwing       | 1 3 |  3.1
Armour         | 1 2 |  2.2
Shields        | 3 4 5 |  5.0
Invocations    | 2 4 |  4.0
Dodging        | |  1.7
Stealth        | |  2.1
Spellcasting   | |  1.7
Conjurations   | |  0.7
Fire Magic     | |  2.4

Action                   |  1- 3 |  4- 6 |  7- 9 || total
-------------------------+-------+-------+-------++-------
Melee: Unarmed           |   125 |   122 |   150 ||   397
       Punch             |     3 |     6 |       ||     9
Throw: Javelin           |    14 |    32 |    37 ||    83
       Boomerang         |     6 |     8 |    40 ||    54
Invok: Heroism           |       |       |     8 ||     8
  Use: Potion            |     2 |     2 |     4 ||     8
       Scroll            |     6 |     3 |     9 ||    18
Armor: Robe              |     2 |       |       ||     2
       Ring mail         |    18 |    27 |       ||    45
       Chain mail        |       |    15 |    48 ||    63
Dodge: Dodged            |    69 |    46 |    35 ||   150
Block: Kite shield       |       |       |    63 ||    63

Table legend:
 A = Non-vault XP
 B = Vault XP
 C = Vault XP percentage of total XP
 D = Non-vault monster count
 E = Vault monster count
 F = Vault count percentage of total count
                 A         B        C        D         E       F
            +---------+---------+-------+---------+---------+-------
      Total |    4131 |     204 |   4.7 |     117 |      39 |  25.0
            +---------+---------+-------+---------+---------+-------
        D:1 |      19 |       0 |   0.0 |      11 |       0 |   0.0
        D:2 |      33 |       0 |   0.0 |      12 |       0 |   0.0
        D:3 |      59 |       3 |   4.8 |      16 |       2 |  11.1
        D:4 |     301 |      25 |   7.7 |      26 |      13 |  33.3
        D:5 |     339 |       0 |   0.0 |       4 |       0 |   0.0
        D:6 |     441 |       0 |   0.0 |      11 |       0 |   0.0
        D:7 |    1253 |       3 |   0.2 |      13 |       2 |  13.3
        D:8 |    1584 |     173 |   9.8 |      22 |      22 |  50.0
        D:9 |     102 |       0 |   0.0 |       2 |       0 |   0.0
            +---------+---------+-------+---------+---------+-------
